 Dungeon Crawl Stone Soup version 0.31.0-11-ge490571c62 (webtiles) character file.

Game seed: 2961732737927906658

255 Arcadio the Ducker (level 6, -7/46 HPs)
             Began as a Djinni Fire Elementalist on Jan 27, 2024.
             Mangled by Edmund
             ... wielding a +2 heavy dire flail
              (15 damage)
             ... on level 4 of the Dungeon.
             The game lasted 00:03:39 (2856 turns).

Arcadio the Ducker (Djinni Fire Elementalist)       Turns: 2856, Time: 00:03:40

Health: -7/46      AC:  4    Str:  3    XL:     6   Next: 38%
Gold:   143        EV: 13    Int: 19    God:
                   SH:  0    Dex: 13

rFire   + + +        e - +11 short sword "Ozauhion" {flame, +Blink Will+ Str-4}
rCold   x . .        (no shield)
rNeg    . . .        i - +1 robe {rF+}
rPois   ∞            (no helmet)
rElec   .            s - +0 cloak
rCorr   .            (no gloves)
SInv    .            (boots unavailable)
Will    ++...        (no amulet)
Stlth   ++           (no ring)
HPRegen 0.27/turn    (no ring)
MPRegen 0.00/turn

%: infuse magic (-8 HP)
@: enlightened, flying
A: sickness immunity, fire resistance 2, cold vulnerability 1, float, innate
caster, HP casting, extra vitality 1
a: Evoke Blink


You were on level 4 of the Dungeon.
You visited 1 branch of the dungeon, and saw 4 of its levels.

You collected 143 gold pieces.

Inventory:

Hand Weapons
 b - a +0 short sword
 e - the +11 short sword "Ozauhion" (weapon) {flame, +Blink Will+ Str-4}
   (You found it on level 2 of the Dungeon)

   Str-4:     It affects your strength (-4).
   Will+:     It increases your willpower.
   +Blink:    It lets you blink.
 h - a +2 dagger of venom
Missiles
 u - a throwing net
Armour
 a - a +0 robe
 i - a +1 robe of fire resistance (worn)
 s - a +0 cloak (worn)
Scrolls
 d - 2 scrolls of noise {unknown}
 f - 2 scrolls of brand weapon {unknown}
 j - a scroll of amnesia {unknown}
 l - a scroll of revelation {unknown}
 m - 2 scrolls of enchant weapon {unknown}
 n - 2 scrolls of identify {unknown}
 o - 4 scrolls of fog {unknown}
 p - a scroll of enchant armour {unknown}
Potions
 c - 3 potions of enlightenment
 g - a potion of invisibility {unknown}
 k - a potion of curing
 q - 2 potions of lignification {unknown}
 r - a potion of degeneration {unknown}
 t - a potion of mutation {unknown}


   Skills:
 + Level 3.1 Fighting
 + Level 4.2 Dodging
 - Level 1.5 Stealth
 + Level 4.1 Spellcasting
 + Level 4.1 Conjurations
 + Level 4.1 Hexes
 + Level 4.1 Summonings
 + Level 4.1 Necromancy
 + Level 4.1 Translocations
 + Level 4.1 Fire Magic
 + Level 4.1 Ice Magic
 + Level 4.1 Air Magic
 + Level 4.1 Earth Magic
 + Level 4.1 Alchemy


You knew the following spells:

 Your Spells              Type           Power      Damage    Failure   Level
a - Foxfire               Conj/Fire      76%        2x1d7     2%          1
b - Scorch                Fire           38%        2d6       3%          2
c - Volatile Blastmotes   Fire/Tloc      38%        2d13      8%          3
d - Inner Flame           Hex/Fire       19%        N/A       8%          3
e - Flame Wave            Conj/Fire      19%        2d7       26%         4
f - Sting                 Conj/Alch      76%        1d7       2%          1
g - Static Discharge      Conj/Air       38%        3-5/arc   3%          2
Your spell library was empty.

Dungeon Overview and Level Annotations

Branches:
Dungeon (4/15)
 Temple: D:4-7

Altars:

Annotations:
D:4 Edmund


Innate Abilities, Weirdness & Mutations

You are immune to sickness and miasma.
You are immune to poison.
Your flesh is very heat resistant. (rF++)
You are vulnerable to cold. (rC-)
You float through the air rather than walking.
You learn spells naturally, not from books.
Your magical power is your life essence.
You have superior vitality. (+4 MHP)


Message History

You can't see any susceptible monsters within range! (Use Z to cast anyway.)
Casting: Scorch (safe; 3% risk of failure)
Confirm with . or Enter, or press ? or * to list all spells.
You can't see any susceptible monsters within range! (Use Z to cast anyway.) Edmund shouts!
Casting: Scorch (safe; 3% risk of failure)
Confirm with . or Enter, or press ? or * to list all spells.
Flames lash Edmund.
Edmund is moderately wounded.
Edmund's fire resistance burns away.
Casting: Scorch (safe; 3% risk of failure)
Confirm with . or Enter, or press ? or * to list all spells.
Flames lash Edmund but do no damage.
Edmund clears his throat.
Casting: Scorch (safe; 3% risk of failure)
Confirm with . or Enter, or press ? or * to list all spells.
Flames lash Edmund.
Edmund is moderately wounded.
Edmund hits you with a +2 heavy dire flail!
You puncture Edmund! You burn Edmund.
Edmund is heavily wounded.
You hit Edmund but do no damage. You punch Edmund, but do no damage.
Edmund is heavily wounded.
Edmund hits you with a +2 heavy dire flail!
You hit Edmund but do no damage.
Edmund is heavily wounded.
Edmund hits you with a +2 heavy dire flail!!
* * * LOW HITPOINT WARNING * * *
Casting: Scorch (safe; 3% risk of failure)
Confirm with . or Enter, or press ? or * to list all spells.
Flames lash Edmund.
Edmund is burned terribly!
Edmund is severely wounded.
* * * LOW HITPOINT WARNING * * *
It was a potion of enlightenment.
You feel more buoyant. Edmund closely misses you.
It was a potion of curing.
You feel better.
Edmund hits you with a +2 heavy dire flail!
You die...
Edmund whines, "They better pay attention to me now!"

######## ##......## ###
##........#
#...##..........
##.....#..........
#.................
#.................
#.........@@......
##.........$.....#
#.................
####.................
.....(.....<$........
######......#.......[..
.......#...##..........
#####..#####........#
#.## ##........


You could see Edmund (combustible).

Vanquished Creatures
  A hound (D:4)
  A bombardier beetle (D:3)
  An orc priest (D:3)
  An iguana (D:4)
  Crazy Yiuf (D:3)
  Terence (D:3)
  2 adders
  2 ribbon worms
  2 orcs (D:3)
  5 ball pythons
  4 endoplasms
  8 goblins
  7 hobgoblins
  4 jackals
  2 quokkas
  7 bats
  5 frilled lizards
  9 kobolds
  4 rats
67 creatures vanquished.

Vanquished Creatures (others)
  15 foxfires (D:1)
15 creatures vanquished.

Grand Total: 82 creatures vanquished

Notes
Turn   | Place    | Note
-------+----------+-------------------------------------------
     0 | D:1      | Arcadio the Djinni Fire Elementalist began the quest for
                  | the Orb.
     0 | D:1      | Arcadio set off with the following spells memorised:
                  | Foxfire, Scorch, Volatile Blastmotes, Inner Flame, Flame
                  | Wave.
     0 | D:1      | Reached XP level 1. HP: 15/15 MP: 0/0
   214 | D:1      | Reached XP level 2. HP: 20/22 MP: 0/0
   655 | D:1      | Reached skill level 1 in Fighting
   918 | D:2      | Identified the +11 short sword "Ozauhion" {flame, +Blink
                  | Will+ Str-4}
   923 | D:2      | Reached XP level 3. HP: 17/27 MP: 0/0
   923 | D:2      | Learned a level 1 spell: Sting
  1181 | D:2      | Reached XP level 4. HP: 8/32 MP: 0/0
  1781 | D:3      | Reached XP level 5. HP: 5/38 MP: 0/0
  1781 | D:3      | Learned a level 2 spell: Static Discharge
  1981 | D:3      | Noticed Terence
  1988 | D:3      | Killed Terence
  2414 | D:3      | Found a runed translucent door.
  2415 | D:3      | Noticed Crazy Yiuf
  2459 | D:3      | Killed Crazy Yiuf
  2460 | D:3      | Reached XP level 6. HP: 26/45 MP: 0/0
  2841 | D:4      | Noticed Edmund
  2856 | D:4      | Mangled by Edmund

Illustrated notes

Levels and vault maps discovered:
D:1:      dpeg_arrival_rooms_b, layout_loops_ring
D:2:      layout_rooms, minmay_close_crescents
D:3:      layout_basic, uniq_terence, uniq_crazy_yiuf_cottage
D:4:      layout_rooms, serial_shops, nicolae_shop_tiny_waterfront,
          hangedman_abyss_or_decor_slice, uniq_edmund

Skill      XL: |  1  2  3  4  5  6 |
---------------+-------------------+-----
Fighting       | 1 2 3 |  3.1
Dodging        | 3 4 |  4.2
Spellcasting   | 4 |  4.1
Conjurations   | 4 |  4.1
Hexes          | 4 |  4.1
Summonings     | 4 |  4.1
Necromancy     | 4 |  4.1
Translocations | 4 |  4.1
Fire Magic     | 4 |  4.1
Ice Magic      | 4 |  4.1
Air Magic      | 4 |  4.1
Earth Magic    | 4 |  4.1
Alchemy        | 4 |  4.1
Stealth        | |  1.5

Action                     |  1- 3 |  4- 6 || total
---------------------------+-------+-------++-------
  Melee: Short sword       |     3 |     9 ||    12
         Punch             |       |     1 ||     1
   Cast: Foxfire           |    13 |       ||    13
         Scorch            |    34 |    50 ||    84
    Use: Potion            |       |     2 ||     2
 Armour: Robe              |     9 |    11 ||    20
  Dodge: Dodged            |    23 |    12 ||    35
